 Dungeon Crawl Stone Soup version 0.20.1-1-g8b1a95d (webtiles) character file.

795 miragecloak the Cleaver (level 8, -4/61 HPs)
             Began as a Formicid Monk on Sept 7, 2017.
             Was a Believer of the Shining One.
             Slain by a wight
             ... wielding a +2 war axe
              (11 damage)
             ... on level 6 of the Dungeon.
             The game lasted 00:08:28 (7606 turns).

miragecloak the Cleaver (Formicid Monk)             Turns: 7606, Time: 00:08:29

Health: -4/61      AC:  6    Str: 19    XL:     8   Next: 13%
Magic:  8/8        EV: 12    Int: 14    God:    the Shining One [**....]
Gold:   304        SH:  0    Dex: 13    Spells: 7/7 levels left

rFire    . . .     SeeInvis +   t - +0 war axe
rCold    . . .     Gourm    .   (no shield)
rNeg     + . .     Faith    .   v - +0 ring mail
rPois    .         Spirit   .   (helmet unavailable)
rElec    .         Reflect  .   r - +0 cloak (curse)
rCorr    .         Harm     .   (no gloves)
MR       .....                  (no boots)
Stlth    +.........             (no amulet)
Regen    0.2/turn               (no ring)
MPRegen  0.2/turn               (no ring)

@: brilliant, glowing
A: permanent stasis, dig shafts and tunnels, four strong arms, antennae 3
a: Dig, Shaft Self, Divine Shield, Renounce Religion


You were on level 6 of the Dungeon.
You worshipped the Shining One.
The Shining One was pleased with you.
You were hungry.

You visited 2 branches of the dungeon, and saw 7 of its levels.
You also visited: Ossuary.

You collected 304 gold pieces.

Inventory:

Hand Weapons
 t - a +0 war axe (weapon)
Armour
 r - a cursed +0 cloak (worn)
 v - a +0 ring mail (worn)
Jewellery
 a - an uncursed ring of fire
Wands
 h - a wand of confusion (13/48)
 y - a wand of paralysis (14/24)
 B - a wand of flame (32/48)
Scrolls
 b - 4 scrolls of remove curse {unknown}
 e - 2 scrolls of recharging {unknown}
 f - a scroll of amnesia {unknown}
 j - 2 scrolls of magic mapping {unknown}
 k - 2 scrolls of immolation {unknown}
 p - 8 scrolls of identify {unknown}
 u - a scroll of noise {unknown}
 w - a scroll of brand weapon {unknown}
 z - 2 scrolls of enchant armour {unknown}
Potions
 g - 2 potions of brilliance
 i - 3 potions of haste
 n - a potion of lignification {unknown}
 o - a potion of heal wounds {unknown}
 q - 4 potions of curing {unknown}
 s - a potion of agility {unknown}
Books
 m - a book of Misfortune

   Spells                             Type                      Level
   a - Confusing Touch                Hexes                        1
   b - Confuse                        Hexes                        3
   c - Gell's Gravitas                Translocation                3
   d - Petrify                        Transmutation/Earth          4
   e - Metabolic Englaciation         Hexes/Ice                    5
   f - Yara's Violent Unravelling     Hexes/Transmutation          5
 x - a book of Air

   Spells                             Type                      Level
   a - Shock                          Conjuration/Air              1
   b - Swiftness                      Charms/Air                   2
   c - Static Discharge               Conjuration/Air              3
   d - Airstrike                      Air                          4
   e - Lightning Bolt                 Conjuration/Air              5
Comestibles
 c - 2 bread rations
 d - 5 fruits
 l - 2 meat rations
 A - 3 chunks of flesh


   Skills:
 * Level 4.4 Fighting
 - Level 8.0 Axes
 - Level 3.2 Armour
 - Level 2.6 Dodging
 - Level 2.4 Stealth


You had 7 spell levels left.
You didn't know any spells.

Dungeon Overview and Level Annotations

Branches:
Dungeon (5/15)             Temple (1/1) D:5

Altars:
Ashenzari
Cheibriados
Dithmenos
Elyvilon
Fedhas
Gozag
Hepliaklqana
Kikubaaqudgha
Makhleb
Nemelex Xobeh
Okawaru
Qazlal
Ru
Sif Muna
Vehumet
Xom
Yredelemnul
Zin
The Shining One


Innate Abilities, Weirdness & Mutations

You cannot be hasted, slowed, berserked, paralysed or teleported.
You can dig through walls and to a lower floor.
Your four strong arms can wield two-handed weapons with a shield.
You have a pair of large antennae on your head. (SInv)


Message History

Found a mace and 2 glowing orange potions.
A jackal skeleton comes into view.
The jackal skeleton moves out of view.
An adder and a shadow imp come into view.
The shadow imp shouts!
Found a dazzling falchion.
The jackal skeleton bites you but does no damage.
Found a thick smoking staff.
You extend your mandibles.
You dig through the rock wall.
The adder bites you but does no damage. The jackal skeleton closely misses you.
The shadow imp laughs crazily.
The adder bites you but does no damage.
You dig through the rock wall.
It was a potion of haste.
Your stasis prevents you from being hasted.
It was a potion of brilliance.
You feel clever all of a sudden.
The wight hits you with an enchanted war axe!
You die...

....... ......
.......##..|.#
#.#z..#....# #
#...#.#....#.#
###)#.z.#.......
#...###z........
......ZS........
..#..##z#.......
## #@#....###
###....# #..##
#.. #)# .#


You could see 3 wights, an adder and a jackal skeleton.

Vanquished Creatures
  An ice beast (D:5)
  A centaur skeleton (D:4)
  2 jellies
  An orc wizard (D:3)
  2 hounds (D:4)
  An iron imp (D:5)
  Ijyb (D:5)
  2 iguanas
  4 worker ants
  2 mummies (D:4)
  6 adders
  8 gnolls
  A howler monkey skeleton (D:5)
  2 oozes
  3 worms (D:2)
  A dart slug (D:1)
  5 leopard geckos
  9 orcs
  A ball python (D:3)
  8 giant cockroaches
  A gnoll zombie (Ossuary)
  14 goblins
  14 hobgoblins
  14 jackals
  4 quokkas
  10 bats
  6 frilled lizards
  A hobgoblin zombie (Ossuary)
  10 kobolds
  3 kobold zombies (Ossuary)
  2 orc zombies (Ossuary)
  A quokka skeleton (D:5)
  4 rats
145 creatures vanquished.

Vanquished Creatures (others)
  An adder (D:3)
1 creature vanquished.

Grand Total: 146 creatures vanquished

Notes
Turn   | Place    | Note
-------+----------+-------------------------------------------
     0 | D:1      | miragecloak the Formicid Monk began the quest for the Orb.
     0 | D:1      | Reached XP level 1. HP: 18/18 MP: 1/1
   285 | D:1      | Reached XP level 2. HP: 24/24 MP: 2/2
   650 | D:1      | Reached skill level 4 in Axes
   650 | D:1      | Reached XP level 3. HP: 14/29 MP: 3/3
  1157 | D:2      | Found a faded altar of an unknown god.
  1410 | D:2      | Reached XP level 4. HP: 34/35 MP: 4/4
  1778 | D:2      | Reached skill level 5 in Axes
  2340 | D:2      | Reached XP level 5. HP: 31/41 MP: 5/5
  2874 | D:3      | Reached skill level 1 in Armour
  3503 | D:3      | Found a glowing silver altar of Zin.
  3503 | D:3      | Found a shadowy altar of Dithmenos.
  3844 | D:3      | Reached XP level 6. HP: 42/47 MP: 6/6
  4148 | D:4      | Found a sand-covered staircase.
  4168 | Ossuary  | Entered an ossuary
  4465 | D:4      | Reached skill level 6 in Axes
  4854 | D:4      | Reached XP level 7. HP: 45/52 MP: 7/7
  5546 | D:5      | Entered Level 5 of the Dungeon
  5727 | D:4      | Reached skill level 7 in Axes
  6720 | D:5      | Found a staircase to the Ecumenical Temple.
  6901 | Temple   | Entered the Ecumenical Temple
  6969 | Temple   | Became a worshipper of the Shining One
  6969 | Temple   | Reached * piety under the Shining One
  6969 | Temple   | Reached ** piety under the Shining One
  7052 | D:5      | Reached skill level 8 in Axes
  7222 | D:5      | Reached XP level 8. HP: 56/59 MP: 8/8
  7294 | D:5      | Noticed Ijyb
  7304 | D:5      | Killed Ijyb
  7466 | D:5      | Found a snail-covered altar of Cheibriados.
  7598 | D:5      | You fall through a shaft!
  7606 | D:6      | Slain by a wight

Skill      XL: |  1  2  3  4  5  6  7  8 |
---------------+-------------------------+-----
Axes           | 4 5 6 8 |  8.0
Armour         | 3 |  3.2
Fighting       | 4 |  4.4
Dodging        | |  2.6
Stealth        | |  2.4

Action                   |  1- 3 |  4- 6 |  7- 9 || total
-------------------------+-------+-------+-------++-------
Melee: Hand axe          |   132 |   216 |       ||   348
       War axe           |       |   117 |   106 ||   223
 Abil: Dig               |       |       |     2 ||     2
       Shaft Self        |       |       |     1 ||     1
  Use: Potion            |       |       |     2 ||     2
 Stab: Sleeping          |     4 |       |       ||     4
  Eat: Chunk             |     2 |    11 |     4 ||    17
       Bread ration      |       |       |     1 ||     1
Armor: Robe              |    19 |    18 |       ||    37
       Chain mail        |       |   172 |    39 ||   211
       Ring mail         |       |       |    15 ||    15
Dodge: Dodged            |    96 |   171 |    76 ||   343
